 Dungeon Crawl Stone Soup version 0.23.2 (webtiles) character file.

Game seed: 842399528618645881

26 Chiseanne the Magician (level 2, 0/23 HPs)
             Began as a Demonspawn Wanderer on Apr 3, 2019.
             Slain by Terence
             ... wielding a +0 mace of holy wrath
              (2 damage)
             ... on level 2 of the Dungeon.
             The game lasted 00:02:27 (1064 turns).

Chiseanne the Magician (Demonspawn Wanderer)        Turns: 1064, Time: 00:02:28

Health: 0/23       AC:  5    Str: 12    XL:     2   Next: 89%
Magic:  5/5        EV: 10    Int: 13    God:
Gold:   38         SH:  0    Dex: 14    Spells: 5/6 levels left

rFire    . . .     SeeInvis .   a - +3 whip
rCold    . . .     Gourm    .   (no shield)
rNeg     . . .     Faith    .   h - +0 ring mail
rPois    .         Spirit   .   (no helmet)
rElec    .         Reflect  .   (no cloak)
rCorr    .         Harm     .   (no gloves)
MR       .....                  (no boots)
Stlth    +.........             (no amulet)
HPRegen  0.07/turn              (no ring)
MPRegen  0.09/turn              (no ring)

@: no status effects
A: thin skeletal structure 1
a: no special abilities


You were on level 2 of the Dungeon.
You were not hungry.

You visited 1 branch of the dungeon, and saw 2 of its levels.

You collected 38 gold pieces.

Inventory:

Hand Weapons
 a - a +3 whip (weapon)
Missiles
 b - 25 stones (quivered)
Armour
 h - a +0 ring mail (worn)
Potions
 d - 2 potions of agility
 g - a potion of brilliance {unknown}
Comestibles
 f - 2 rations


   Skills:
 * Level 2.3 Fighting
   Level 1.7 Polearms
 - Level 1.7 Throwing
 * Level 0.4 Armour
 - Level 1.4 Dodging
 * Level 0.4 Stealth
 * Level 2.5 Spellcasting
   Level 1.0 Earth Magic


You had 5 spell levels left.
You knew the following spells:

 Your Spells              Type           Power        Failure   Level  Hunger
a - Magic Dart            Conj           #...         50%         1    #......

Your spell library contained the following spells:

 Spells                   Type           Power        Failure   Level  Hunger
 Blink                    Tloc           N/A          63%         2    ###....
 Call Imp                 Summ           #.......     63%         2    ###....
 Slow                     Hex            #.......     63%         2    ###....
 Conjure Flame            Conj/Fire      #.......     86%         3    ###....
 Mephitic Cloud           Conj/Pois/Air  #.......     86%         3    ###....


Dungeon Overview and Level Annotations

Branches:
Dungeon (2/15)

Altars:

Annotations:
D:2 Terence


Innate Abilities, Weirdness & Mutations

You have a somewhat thin skeletal structure. (Dex +2, Stealth)


Message History

You are too injured to fight recklessly!
You are too injured to fight recklessly!
You are too injured to fight recklessly!
You are too injured to fight recklessly!
The kobold misses you.
You feel better. The goblin hits you with a +0 dagger.
* * * LOW HITPOINT WARNING * * *
The kobold misses you.
A bat comes into view.
The hobgoblin misses you.
As you read the scroll labeled TAEMEI RYLAAHA, it crumbles to dust.
It is a scroll of identify.
d - 2 potions of agility The hobgoblin hits you with a +0 club.
* * * LOW HITPOINT WARNING * * *
The goblin barely misses you.
Terence hits you with a +0 mace of holy wrath.
* * * LOW HITPOINT WARNING * * *
You convulse.
You die...

.........# .
#........## ..
#.........#
...##.........#
..$...........#
.?.....<......##
........K.......
.......@gg......
........@.#####.
.....##.......#
..... #.........
.... #.........
.... +.........
. #.........
..........
......b...


You could see Terence, a hobgoblin, a goblin, a bat (sleeping) and a kobold.

Vanquished Creatures
  A dart slug (D:1)
  A ball python (D:1)
  2 giant cockroaches (D:1)
  2 goblins (D:1)
  2 hobgoblins (D:1)
  2 jackals (D:1)
  A quokka (D:2)
  3 bats (D:1)
  2 frilled lizards (D:1)
  4 kobolds (D:1)
  4 rats (D:1)
24 creatures vanquished.

Notes
Turn   | Place    | Note
-------+----------+-------------------------------------------
     0 | D:1      | Chiseanne the Demonspawn Wanderer began the quest for the
                  | Orb.
     0 | D:1      | Chiseanne set off with the following items: a +0 spear, a
                  | potion of curing, a +0 robe, a ration; and the following
                  | spell memorised: Magic Dart; and the following spells
                  | available to memorise: Blink, Call Imp, Slow, Conjure
                  | Flame, Mephitic Cloud
     0 | D:1      | Reached XP level 1. HP: 16/16 MP: 3/3
   517 | D:1      | Gained mutation: You have a somewhat thin skeletal
                  | structure. (Dex +2, Stealth) [demonic ancestry]
   517 | D:1      | Reached XP level 2. HP: 22/22 MP: 0/5
  1050 | D:2      | Noticed Terence
  1060 | D:2      | HP: 1/23 [Terence/+0 mace of holy wrath (8)]
  1064 | D:2      | Slain by Terence

Action                   || total
-------------------------++-------
Melee: Spear             ||    18
       Whip              ||    58
Throw: Stone             ||     2
 Cast: Magic Dart        ||     9
  Use: Scroll            ||     1
       Potion            ||     1
 Stab: Sleeping          ||     1
  Eat: Chunk             ||     1
Armor: Robe              ||     1
       Ring mail         ||    30
Dodge: Dodged            ||    50
